 Dungeon Sprint DCSS version 0.22-a0-81-g7478db5 (webtiles) character file.

257 Kidiri the Covert (level 5, 0/25 (27) HPs)
             Began as a Spriggan Enchanter on Jan 18, 2018.
             Slain by a necrophage (3 damage)
             ... in the Dungeon (Sprint II: "The Violet Keep of Menkaure").
             The game lasted 00:00:26 (48 turns).

Kidiri the Covert (Spriggan Enchanter)                Turns: 48, Time: 00:00:27

HP:   0/25 (27)     AC:  2    Str:  4    XL:     5   Next: 93%
MP:   8/15          EV: 24    Int: 17    God:
Gold: 0             SH:  0    Dex: 17    Spells: 16/17 levels left

rFire    . . .     SeeInvis +   a - +1 dagger
rCold    . . .     Gourm    .   (shield restricted)
rNeg     . . .     Faith    .   b - +0 robe
rPois    .         Spirit   .   (helmet restricted)
rElec    .         Reflect  .   (no cloak)
rCorr    .         Harm     .   (gloves unavailable)
MR       .....     NoTele   +   (boots unavailable)
Stlth    ++++......             (no amulet)
HPRegen  0.08/turn              (no ring)
MPRegen  0.14/turn              (no ring)

@: berserk cooldown, slowed, quick
A: very small, unfitting armour, see invisible, herbivore, speed 3, slow
metabolism 2
a: no special abilities


You were in the Dungeon.
You were not hungry.

You visited 1 branch

Inventory:

Hand Weapons
 a - a +1 dagger (weapon)
Armour
 b - a +0 robe (worn)
Scrolls
 j - a scroll of blinking
Potions
 e - a potion of curing
 f - a potion of heal wounds
 g - a potion of haste
 h - 2 potions of magic
Books
 c - a book of Maledictions

   Spells                             Type                      Level
   a - Corona                         Hexes                        1
   b - Ensorcelled Hibernation        Hexes/Ice                    2
   c - Confuse                        Hexes                        3
   d - Tukima's Dance                 Hexes                        3
   e - Dazzling Spray                 Conjuration/Hexes            3
Comestibles
 d - a ration


   Skills:
 + Level 2.7 Fighting
 * Level 5.7 Short Blades
 + Level 2.5 Armour
 * Level 8.1 Dodging
 * Level 9.2 Stealth
 * Level 6.8 Spellcasting
 + Level 5.7 Hexes


You had 16 spell levels left.
You knew the following spells:

 Your Spells              Type           Power        Failure   Level  Hunger
a - Corona                Hex            ####...      1%          1    None


Dungeon Overview and Level Annotations

Branches:
Dungeon (1/1)

Altars:


Innate Abilities, Weirdness & Mutations

You are very small and have problems with some larger weapons.
You are too small for most types of armour.
You have supernaturally acute eyesight. (SInv)
You are a herbivore.
You cover ground extremely quickly.
You need consume almost no food.


Message History

The necrophage resists with significant effort.
The necrophage closely misses you. The necrophage hits you.
You closely miss the necrophage.
The necrophage is moderately damaged.
The necrophage misses you.
Casting: Corona
Confirm with . or Enter, or press ? or * to list all spells.
Aiming: Corona
Press: ? - help, Shift-Dir - straight line, f/p - necrophage
Aim: a necrophage (moderately damaged, chance to defeat MR: 48%)
The necrophage is outlined in light.
The necrophage completely misses you.
You hit the necrophage but do no damage.
The necrophage is moderately damaged.
The necrophage hits you.
* * * LOW HITPOINT WARNING * * *
You feel your flesh rotting away!
You hit the necrophage.
The necrophage is moderately damaged.
The necrophage hits you.
You die...

## ## ##.
.## ..#m.
# .$. ##.
#+#
#...##.##
#$n@<.+
#...##.##
##. #+# #


You could see a necrophage.

Vanquished Creatures
  3 necrophages (D)
3 creatures vanquished.

Vanquished Creatures (others)
  A crocodile (D)
1 creature vanquished.

Grand Total: 4 creatures vanquished

Notes
Turn   | Place    | Note
-------+----------+-------------------------------------------
     0 | D        | Kidiri the Spriggan Enchanter began the quest for the Orb.
     0 | D        | Reached XP level 1. HP: 9/9 MP: 5/5
     1 | D        | Noticed a merfolk siren
     4 | D        | Noticed a necrophage
     4 | D        | Noticed a necrophage
     4 | D        | Noticed a necrophage
     4 | D        | Noticed a necrophage
    12 | D        | Killed a necrophage
    12 | D        | Reached skill level 1 in Fighting
    12 | D        | Reached skill level 1 in Armour
    12 | D        | Reached skill level 7 in Stealth
    12 | D        | Reached skill level 5 in Spellcasting
    12 | D        | Reached XP level 2. HP: 15/15 MP: 6/9
    12 | D        | Reached XP level 3. HP: 18/18 MP: 6/10
    12 | D        | Reached XP level 4. HP: 23/23 MP: 7/12
    18 | D        | Killed a necrophage
    18 | D        | Reached skill level 5 in Short Blades
    18 | D        | Reached skill level 8 in Stealth
    18 | D        | Reached skill level 5 in Hexes
    18 | D        | Reached XP level 5. HP: 26/26 MP: 7/14
    25 | D        | Killed a necrophage
    25 | D        | Reached skill level 9 in Stealth
    47 | D        | Killed a crocodile
    48 | D        | Slain by a necrophage

Vault maps used:
D:        the_violet_keep_of_menkaure

Skill      XL: |  1  2  3  4  5 |
---------------+----------------+-----
Fighting       | 1 2 |  2.7
Short Blades   | 3 5 |  5.7
Armour         | 1 2 |  2.5
Dodging        | 6 7 8 |  8.1
Stealth        | 7 8 9 |  9.2
Spellcasting   | 5 6 |  6.8
Hexes          | 4 5 |  5.7

Action                   |  1- 3 |  4- 6 || total
-------------------------+-------+-------++-------
Melee: Dagger            |     6 |    33 ||    39
 Cast: Corona            |       |     3 ||     3
  Use: Potion            |     1 |       ||     1
Armor: Robe              |       |     1 ||     1
Dodge: Dodged            |     3 |    20 ||    23

Table legend:
 A = Spawn XP
 B = Non-spawn XP
 C = Spawn XP percentage of total XP
 D = Spawn monster count
 E = Non-spawn monster count
 F = Spawn count percentage of total count
 G = Total turns spent on level
                    A         B        C        D         E        F      G
               +---------+---------+-------+---------+---------+-------+---------
         Total |       0 |     368 |   0.0 |       0 |       3 |   0.0 |    48
               +---------+---------+-------+---------+---------+-------+---------
             D |       0 |     368 |   0.0 |       0 |       3 |   0.0 |    48
               +---------+---------+-------+---------+---------+-------+---------
